 Dungeon Crawl Stone Soup version 0.18-a0-674-g00855b9 (webtiles) character file.

107600 4thArraOfDagon the Executioner (level 16, -2/142 (146) HPs)
             Began as a Hill Orc Fighter on Dec 6, 2015.
             Was the Champion of the Shining One.
             Killed from afar by a deep elf annihilator (60 damage)
             ... with a crystal spear
             ... on level 3 of the Elven Halls.
             The game lasted 01:14:36 (10999 turns).

4thArraOfDagon the Executioner (Hill Orc Fighter)  Turns: 10999, Time: 01:14:36

HP:   -2/142 (146)  AC: 35    Str: 25      XL:     16   Next: 47%
MP:   26/26         EV:  6    Int: 12 (15) God:    the Shining One [******]
Gold: 513           SH:  2    Dex: 26      Spells: 0 memorised, 15 levels left

rFire  . . .     SeeInvis .     I - +5 executioner's axe (freeze)
rCold  + . .     Clarity  .     r - +0 crystal plate armour
rNeg   + + +     SustAt   .     (shield currently unavailable)
rPois  +         Gourm    .     u - +2 helmet "Siavateo" {Dex+7}
rElec  .         Spirit   .     J - +1 cloak of Cibacvid {Regen+ Dex+2 Stlth+}
rCorr  .         Dismiss  +     n - +2 pair of gloves
rMut   .         Stasis   .     p - +1 pair of boots {run}
MR     +....                    s - amulet of the Salmon {Dismiss rF+ rN+ Int+3}
Stlth  ..........               Z - +3 ring of strength
                                h - ring "Wiaqin" {Ice rPois Dex+7}

@: divine shield, about to teleport, glowing, studying Dodging, quick, somewhat
resistant to hostile enchantments, extremely unstealthy
A: no striking features
a: Divine Shield, Cleansing Flame, Summon Divine Warrior, Brand Weapon With Holy
Wrath, Renounce Religion


You were on level 3 of the Elven Halls.
You worshipped the Shining One.
The Shining One was exalted by your worship.
You were not hungry.

You visited 6 branches of the dungeon, and saw 32 of its levels.

You collected 2764 gold pieces.
You spent 2251 gold pieces at shops.

Inventory:

Hand Weapons
 I - a +5 executioner's axe of freezing (weapon)
 M - a +3 scimitar of flaming
 P - the +7 broad axe "Xail" {holy, +Fly Int+5}
   (You took it off a deep elf conjurer on level 3 of the Elven Halls)

   It has been blessed by the Shining One to cause great damage to the undead
   and demons.
   It affects your intelligence (+5).
   It lets you fly.
Armour
 n - a +2 pair of gloves (worn)
 p - a +1 pair of boots of running (worn)
 r - a +0 crystal plate armour (worn)
 u - the +2 helmet "Siavateo" (worn) {Dex+7}
   (You found it on level 10 of the Dungeon)

   It affects your dexterity (+7).
 J - the +1 cloak of Cibacvid (worn) {Regen+ Dex+2 Stlth+}
   (You found it on level 12 of the Dungeon)

   It affects your dexterity (+2).
   It increases your rate of regeneration.
   It makes you more stealthy.
Jewellery
 h - the ring "Wiaqin" (left hand) {Ice rPois Dex+7}
   (You found it on level 3 of the Elven Halls)

   [ring of ice]

   It enhances your ice magic, and weakens your fire magic.
   It affects your dexterity (+7).
   It makes you vulnerable to fire.
   It protects you from cold.
   It protects you from poison.
 j - an uncursed ring of ice
 s - the amulet of the Salmon (around neck) {Dismiss rF+ rN+ Int+3}
   (You found it on level 3 of the Elven Halls)

   [amulet of dismissal]

   It may teleport away creatures that harm you.
   It affects your intelligence (+3).
   It protects you from fire.
   It protects you from negative energy.
 w - a cursed amulet of rage
 x - an uncursed ring of sustain attributes
 H - an uncursed ring of teleportation
 O - an uncursed amulet of regeneration
 Q - an uncursed amulet of stasis {unknown}
 Z - a +3 ring of strength (right hand)
Wands
 c - a wand of fire (8)
 d - a wand of teleportation (6)
 g - a wand of digging (14)
 R - a wand of digging (9)
Scrolls
 b - 3 scrolls of blinking
 i - 3 scrolls of magic mapping
 l - 5 scrolls of remove curse
 v - a scroll of silence
 y - 7 scrolls of recharging
 z - a scroll of amnesia
 A - 5 scrolls of enchant armour
 S - a scroll of teleportation
 T - 3 scrolls of fear
 Y - a scroll of brand weapon
Potions
 a - 2 potions of ambrosia
 f - a potion of cure mutation
 m - 4 potions of lignification
 o - 4 potions of might
 q - 13 potions of curing
 t - a potion of haste
 B - a potion of magic
 F - 4 potions of heal wounds
 G - 2 potions of agility
 U - a potion of flight
Books
 W - a manual of Dodging
Miscellaneous
 D - a piece from Xom's chessboard
 E - a sack of spiders
 K - a stone of tremors
 V - a phantom mirror
 X - a lamp of fire
Comestibles
 e - 11 bread rations
 k - 8 meat rations
 C - 5 beef jerkies
 L - a royal jelly


   Skills:
 - Level 14.2 Fighting
 * Level 21.5 Axes
 + Level 14.0 Armour
   Level 3.2 Shields
 - Level 13.4 Invocations
 * Level 10.5 Evocations


You had 15 spell levels left.
You didn't know any spells.

Dungeon Overview and Level Annotations

Branches:
Dungeon (15/15)            Temple (1/1) D:7            Lair (8/8) D:8
 Shoals (1/4) Lair:3          Orc (4/4) D:12            Elf (3/3) Orc:4
 Vaults (0/5) D:13
  Snake: Lair:3-6    Spider: Lair:3-6     Slime: Lair:6-8    Depths: D:15

Altars:
Ashenzari
Dithmenos
Fedhas
Gozag
Kikubaaqudgha
Makhleb
Nemelex Xobeh
Okawaru
Pakellas
Qazlal
Ru
Sif Muna
Trog
Vehumet
Yredelemnul
Zin
The Shining One

Shops:
D:9 (   D:12 :   Orc:1 %   Orc:2 [   Orc:3 }   Orc:4 ([?*![}=(

Annotations:
D:6 Edmund
Lair:3 exclusion: downstairs
Lair:6 Rupert
Shoals:1 Frances


Message History

Things that are here:
a book of Geomancy; a book of Enchantments You hear the stately tolling of a distant bell.
A deep elf demonologist comes into view.
It is wielding an enchanted long sword.
The deep elf demonologist shouts!
The deep elf demonologist mumbles some strange words.
You see here a thick glowing staff.
Unknown command.
You see here a knobbly runed staff.
Read which item? (? for menu, Esc to quit)
You can't read that!
Unknown command.
Read which item? (? for menu, Esc to quit)
As you read the scroll of teleportation, it crumbles to dust.
You feel strangely unstable.
You slice the deep elf annihilator!! You freeze the deep elf annihilator.
The deep elf annihilator is moderately wounded.
The deep elf annihilator gestures at you while chanting.
The crystal spear hits you!
You die...

..#
#................##
#.
..................##
#.
......###..4.....(.##
.....###e....e......#
....##.4..⌠..........
...##(|#.............
..#:..#########.....
#/.|##)..?..##....
#}@###'##[|..##...
#e##[..=##)...##..
#)#.?))./####e# ..
#.))}(.).### e#
###|..).)'|# .e
#..[(.)#.# e
##.}..##)# ##'###.)#
.(.##:..#


You could see a deep elf annihilator, a deep elf demonologist and a rust devil.

Vanquished Creatures
  A deep elf master archer (Elf:3)
  2 deep elf sorcerers (Elf:3)
  Maud (Lair:6)
  A stone giant (Orc:3)
  4 deep elf demonologists (Elf:3)
  6 deep elf annihilators (Elf:3)
  4 deep elf death magi (Elf:3)
  3 deep elf high priests (Elf:3)
  A catoblepas (D:13)
  8 hydras
  4 centaur warriors
  5 orc high priests (Orc:4)
  2 tengu warriors (D:13)
  5 death yaks (Lair:5)
  9 spriggans
  7 deep elf knights
  7 hell knights (D:12)
  An unseen horror (D:12)
  An unseen horror (shapeshifter) (D:15)
  Pikel (D:5)
  A hill giant (D:13)
  2 deep elf conjurers (Elf:3)
  3 deep elf summoners
  3 necromancers
  7 orc knights
  3 cyclopes
  5 ugly things
  A wolf spider zombie (D:15)
  A manticore (D:12)
  A griffon (Lair:7)
  11 elephants
  2 orc sorcerers
  3 black mambas
  7 spiny frogs
  3 gargoyles
  4 komodo dragons
  A fire drake (Lair:8)
  An efreet (D:14)
  A kobold demonologist (D:13)
  A spriggan druid (Lair:8)
  9 trolls
  4 deep elf priests
  15 polar bears (Lair:8)
  5 slime creatures (D:15)
  A boulder beetle (Lair:7)
  4 two-headed ogres
  12 deep elf magi
  A trapdoor spider (D:15)
  A wraith (D:12)
  35 yaks
  2 shadows
  An air elemental (D:11)
  4 redbacks (Lair:8)
  5 hippogriffs
  A fire elemental (D:11)
  3 basilisks
  A water elemental (D:11)
  A mottled dragon (D:13)
  7 deep elf fighters
  A hungry ghost (D:13)
  An insubstantial wisp (Lair:6)
  15 vampire mosquitoes
  29 wolves
  A soldier ant (D:9)
  11 water moccasins
  7 hell hounds (D:12)
  5 porcupines
  6 necrophages
  4 ice beasts
  31 orc warriors
  4 wasps (Lair:8)
  An eye of draining (D:8)
  9 black bears
  13 ogres
  4 centaurs
  2 phantoms
  9 crocodiles
  4 big kobolds
  19 giant frogs
  A wyvern zombie (D:10)
  An earth elemental (D:11)
  2 scorpions
  15 wights
  5 crimson imps
  3 giant frog skeletons
  2 giant frog zombies
  22 orc priests
  5 centaur skeletons
  2 hounds
  6 iguanas
  26 orc wizards
  8 worker ants
  2 sheep (D:11)
  A mummy (D:7)
  3 worker ant zombies
  7 adders
  42 river rats
  3 shadow imps
  2 oozes
  A giant gecko (D:11)
  120 orcs
  3 ball pythons
  A giant cockroach (D:1)
  4 hobgoblins
  6 jackals
  16 kobolds
  2 quokkas
  4 bats
  2 giant gecko zombies
  3 giant newts
  3 goblins (D:1)
  A jackal zombie (D:7)
  A rat (D:1)
  3 fungi
  3 plants
753 creatures vanquished.

Vanquished Creatures (others)
  An orc (D:13)
  6 fungi
  2 plants (Lair:7)
9 creatures vanquished.

Grand Total: 762 creatures vanquished

Notes
Turn   | Place    | Note
--------------------------------------------------------------
     0 | D:1      | 4thArraOfDagon the Hill Orc Fighter began the quest for the Orb.
     0 | D:1      | Reached XP level 1. HP: 19/19 MP: 1/1
    38 | D:1      | Reached XP level 2. HP: 25/27 MP: 2/2
   146 | D:2      | Found a radiant altar of Vehumet.
   150 | D:2      | Reached skill level 4 in Axes
   150 | D:2      | Reached XP level 3. HP: 20/33 MP: 3/3
   151 | D:2      | Found an oddly glowing altar of Pakellas.
   156 | D:2      | Found a sacrificial altar of Ru.
   393 | D:5      | Entered Level 5 of the Dungeon
   406 | D:5      | Found an iron altar of Okawaru.
   518 | D:6      | Noticed a necrophage
   530 | D:6      | Killed a necrophage
   530 | D:6      | Reached skill level 5 in Axes
   530 | D:6      | Reached XP level 4. HP: 20/39 MP: 4/4
   530 | D:6      | Reached XP level 5. HP: 23/45 MP: 5/5
   569 | D:6      | Reached skill level 6 in Axes
   612 | D:6      | Reached XP level 6. HP: 29/53 MP: 6/6
   736 | D:7      | Reached skill level 5 in Fighting
   766 | D:7      | Found a staircase to the Ecumenical Temple.
   771 | Temple   | Entered the Ecumenical Temple
   801 | Temple   | Became a worshipper of the Shining One
   880 | D:7      | Found a blossoming altar of Fedhas.
   905 | D:7      | Reached skill level 7 in Axes
   905 | D:7      | Reached skill level 5 in Armour
   905 | D:7      | Reached skill level 1 in Invocations
   905 | D:7      | Reached XP level 7. HP: 53/58 MP: 7/7
  1157 | D:7      | Reached * piety under the Shining One
  1376 | D:7      | Reached skill level 8 in Axes
  1388 | D:6      | Noticed Edmund
  1466 | D:4      | Found a bloodstained altar of Trog.
  1500 | D:5      | Noticed Pikel
  1513 | D:5      | Killed Pikel
  1513 | D:5      | Reached skill level 9 in Axes
  1513 | D:5      | Reached XP level 8. HP: 65/68 MP: 8/10
  1646 | D:5      | Found a stormy altar of Qazlal.
  1871 | D:8      | Found a glowing silver altar of Zin.
  1928 | D:8      | Reached skill level 10 in Axes
  1965 | D:8      | Reached XP level 9. HP: 57/76 MP: 12/12
  1996 | D:8      | Found an opulent altar of Gozag.
  2021 | D:8      | Reached skill level 5 in Invocations
  2118 | D:9      | Reached ** piety under the Shining One
  2188 | D:9      | Reached skill level 11 in Axes
  2364 | D:9      | Found Vivoodoo's Antique Weapon Boutique.
  2372 | D:9      | Bought a crystal flail for 255 gold pieces
  2377 | D:9      | Identified the +5 flail "Duvezxe" {venom, +Rage} (You bought it in a shop on level 9 of the Dungeon)
  2407 | D:10     | Entered Level 10 of the Dungeon
  2446 | D:10     | Got a distressingly furry helmet
  2452 | D:10     | Identified the +2 helmet "Siavateo" {Dex+7} (You found it on level 10 of the Dungeon)
  2493 | D:10     | Reached XP level 10. HP: 78/86 MP: 15/15
  2564 | D:10     | Reached skill level 12 in Axes
  2832 | D:11     | Noticed a hill giant
  2901 | D:11     | Reached *** piety under the Shining One
  2968 | D:11     | Noticed a cyclops
  2976 | D:11     | Killed a cyclops
  2976 | D:11     | Reached skill level 13 in Axes
  3102 | D:11     | Found a large runed door.
  3102 | D:11     | Found a large runed door.
  3338 | D:9      | Reached XP level 11. HP: 72/95 MP: 17/17
  3439 | D:11     | Noticed a four-headed hydra
  3623 | D:11     | Reached skill level 10 in Fighting
  3656 | D:12     | Reached skill level 14 in Axes
  3673 | D:12     | Noticed an unseen horror
  3688 | D:12     | Killed an unseen horror
  3700 | D:12     | Got a steaming cloak
  3738 | D:11     | Identified the +1 cloak of Cibacvid {Regen+ Dex+2 Stlth+} (You found it on level 12 of the Dungeon)
  3776 | D:12     | Got a polished scale mail
  3799 | D:12     | Identified the +0 scale mail of the Wilderness {MR++} (You found it on level 12 of the Dungeon)
  3916 | D:12     | Found Joexirim's Book Boutique.
  3944 | D:12     | Found an iron altar of Okawaru.
  4095 | D:12     | Noticed a hell knight
  4104 | D:12     | Killed a hell knight
  4115 | D:12     | Noticed a hell knight
  4115 | D:12     | Noticed a hell knight
  4116 | D:12     | Noticed a hell knight
  4116 | D:12     | Noticed a hell knight
  4123 | D:12     | Killed a hell knight
  4123 | D:12     | Reached **** piety under the Shining One
  4126 | D:12     | Noticed a hell knight
  4126 | D:12     | Noticed a necromancer
  4215 | D:12     | Killed a hell knight
  4215 | D:12     | Reached skill level 15 in Axes
  4252 | D:12     | Killed a hell knight
  4252 | D:12     | Reached skill level 10 in Invocations
  4253 | D:12     | Noticed a necromancer
  4257 | D:12     | Killed a hell knight
  4293 | D:12     | Reached XP level 12. HP: 104/104 MP: 17/19
  4348 | D:12     | Reached skill level 10 in Armour
  4467 | D:12     | Got a translucent scale mail
  4627 | D:13     | Noticed a tengu warrior
  4628 | D:13     | Noticed a tengu warrior
  4648 | D:13     | Noticed a centaur warrior
  4655 | D:13     | Killed a centaur warrior
  4655 | D:13     | Reached skill level 16 in Axes
  4715 | D:13     | Reached ***** piety under the Shining One
  4768 | D:13     | Killed a tengu warrior
  4774 | D:13     | Killed a tengu warrior
  4797 | D:13     | Noticed a centaur warrior
  4799 | D:13     | Noticed a centaur warrior
  4829 | D:13     | Killed a centaur warrior
  4896 | D:13     | Killed a centaur warrior
  4993 | D:13     | Noticed a catoblepas
  5017 | D:13     | Killed a catoblepas
  5022 | D:13     | Reached skill level 17 in Axes
  5032 | D:13     | Reached XP level 13. HP: 93/114 MP: 21/21
  5111 | D:15     | Entered Level 15 of the Dungeon
  5754 | D:13     | Found a gate to the Vaults.
  5982 | D:12     | Reached skill level 18 in Axes
  6317 | D:8      | Found a staircase to the Lair.
  6613 | Lair:1   | Entered Level 1 of the Lair of Beasts
  6636 | Lair:2   | Found a shattered altar of Ashenzari.
  7000 | Lair:5   | Reached XP level 14. HP: 120/125 MP: 23/23
  7071 | Lair:6   | Noticed Maud
  7091 | Lair:7   | Reached skill level 1 in Evocations
  7216 | Lair:8   | Entered Level 8 of the Lair of Beasts
  7483 | Lair:8   | Reached skill level 19 in Axes
  7667 | Lair:8   | Reached ****** piety under the Shining One
  7785 | Lair:8   | Identified a scroll of acquirement
  7903 | Lair:8   | Reached skill level 5 in Evocations
  8227 | Lair:6   | Killed Maud
  8268 | Lair:6   | Noticed Rupert
  8268 | Lair:6   | Paralysed by Rupert for 2 turns
  8309 | Lair:5   | Reached XP level 15. HP: 75/134 MP: 25/25
  8706 | Lair:3   | Found a staircase to the Shoals.
  8721 | Shoals:1 | Entered Level 1 of the Shoals
  8726 | Shoals:1 | Noticed Frances
  8773 | Lair:3   | Reached skill level 20 in Axes
  9079 | D:12     | Found a staircase to the Orcish Mines.
  9083 | Orc:1    | Entered Level 1 of the Orcish Mines
  9115 | Orc:2    | Paralysed by an orc sorcerer for 2 turns
  9150 | Orc:3    | Found Ygromeg's Gadget Boutique.
  9244 | Orc:4    | Entered Level 4 of the Orcish Mines
  9244 | Orc:4    | Found a staircase to the Elven Halls.
  9264 | Orc:4    | Found Mechow's Jewellery Boutique.
  9264 | Orc:4    | Found Fuxkai's Antique Weapon Shoppe.
  9486 | Orc:4    | Found Den Samn's General Store.
  9486 | Orc:4    | Found Jihiat's Magic Scroll Boutique.
  9487 | Orc:4    | Found Hivioschu's Armour Shop.
  9487 | Orc:4    | Found Siamiyd's Weapon Boutique.
  9507 | Orc:4    | Bought a scroll of acquirement for 676 gold pieces
  9510 | Orc:4    | Bought a scroll of identify for 26 gold pieces
  9510 | Orc:4    | Bought a scroll of identify for 26 gold pieces
  9510 | Orc:4    | Bought a scroll of identify for 26 gold pieces
  9514 | Orc:4    | Bought a cursed amulet of rage for 370 gold pieces
  9517 | Orc:4    | Bought a potion of curing for 30 gold pieces
  9517 | Orc:4    | Identified the cursed +1 scale mail "Yraroat" {rN+ Str+8 Int-5 Dex+2} (You found it on level 12 of the Dungeon)
  9588 | Orc:4    | Found Nidar's Gadget Boutique.
  9613 | Orc:4    | Found Fawyac's Antique Armour Shop.
  9616 | Orc:4    | Bought a pair of embroidered boots for 121 gold pieces
  9616 | Orc:4    | Bought a pair of glowing gloves for 121 gold pieces
  9621 | Orc:4    | Found Aroali's Distillery.
  9654 | Orc:4    | Identified a +1 pair of boots of running (You bought it in a shop on level 4 of the Orcish Mines)
  9897 | Orc:2    | Found Hecuivuqoh's Armour Boutique.
  9960 | Orc:1    | Found Tebum's Food Shoppe.
 10298 | Orc:4    | Bought a potion of heal wounds for 75 gold pieces
 10298 | Orc:4    | Bought a potion of might for 60 gold pieces
 10298 | Orc:4    | Bought a potion of heal wounds for 75 gold pieces
 10298 | Orc:4    | Bought a potion of haste for 150 gold pieces
 10298 | Orc:4    | Bought 2 potions of curing for 90 gold pieces
 10298 | Orc:4    | Bought 2 potions of curing for 90 gold pieces
 10298 | Orc:4    | Bought a potion of might for 60 gold pieces
 10346 | Elf:1    | Entered Level 1 of the Elven Halls
 10452 | Elf:3    | Entered Level 3 of the Elven Halls
 10549 | Elf:3    | Noticed a deep elf sorcerer
 10563 | Elf:3    | Killed a deep elf sorcerer
 10567 | Elf:3    | Noticed a deep elf master archer
 10578 | Elf:3    | Killed a deep elf master archer
 10578 | Elf:3    | Reached XP level 16. HP: 76/142 MP: 24/26
 10601 | Elf:3    | Reached skill level 21 in Axes
 10800 | Elf:3    | Got a vibrating bronze ring
 10808 | Elf:3    | Reached skill level 10 in Evocations
 10831 | Elf:3    | Got an ivory broad axe {holy}
 10832 | Elf:3    | Identified the +7 broad axe "Xail" {holy, +Fly Int+5} (You took it off a deep elf conjurer on level 3 of the Elven Halls)
 10851 | Elf:3    | Got a shimmering emerald amulet
 10872 | Elf:3    | Noticed a deep elf blademaster
 10903 | Elf:3    | Identified the amulet of the Salmon {Dismiss rF+ rN+ Int+3} (You found it on level 3 of the Elven Halls)
 10905 | Elf:3    | Identified the ring "Wiaqin" {Ice rPois Dex+7} (You found it on level 3 of the Elven Halls)
 10924 | Elf:3    | Identified the Compendium of Boosts (You found it on level 3 of the Elven Halls)
 10931 | Elf:3    | Noticed a deep elf master archer
 10999 | Elf:3    | Killed from afar by a deep elf annihilator

Vault maps used:
D:1:      lightli_arrival_chessboard, tso_metal_star
D:2:      nicolae_ru_sacrificial_ziggurat, evilmike_ruin_ashenzari,
          marbit_many_paths, amethyst_overflow_temple_binary,
          columned_hall_lemuel, serial_bayou_pond_a, uniq_natasha
D:4:      lemuel_doored_altar, serial_shops, shop
D:5:      kennysheep_mini_moat, lemuel_crystal_altar,
          kennysheep_okawaru_gauntlet, first_bread, uniq_menkaure, uniq_pikel
D:6:      uniq_edmund
D:7:      old_standard_altar, slow_altar_2, minmay_temple_entry_statues_pillars,
          serial_undead, serial_undead_f, serial_undead_c, serial_undead_f,
          serial_undead_e, serial_undead_a, serial_undead_e, grunt_livestock,
          serial_bayou_pond_d
D:8:      overflow_temple_1_default, lair_0_dummy,
          nicolae_gozag_cash_rules_everything_around_me
D:9:      minmay_curly_fans, serial_shops,
          nicolae_shop_temple_entry_statues_fountains
D:10:     st_stairs_14
D:11:     dk_noncrumbling_3, lightli_elemental_guards
D:12:     orc_0_dummy, basic_altar, serial_shops, shop,
          hangedman_abyss_or_decor_lesser_grid, nrook_mini_backslash,
          minmay_rotating_lava
D:13:     thingy_vault, david_vaults_1, grunt_tough_drop
D:14:     minmay_misc_feat_tiny, serial_shops, nicolae_shop_statue_plus
D:15:     gammafunk_enter_depths_forms, hangedman_abyss_or_decor_stagger
Temple:   temple_island_7
Lair:1:   lemuel_fruit_tree, infiniplex_staircase_pool_2
Lair:2:   basic_altar, eino_small_chamber_without_monster, ldierk_geyser,
          grunt_forest_large_clearing_hut
Lair:3:   shoals_dummy_entry, beast_lair_carwin_2
Lair:4:   dummy_spider_entry
Lair:6:   pond, uniq_rupert, uniq_maud
Lair:7:   slime_dummy, infiniplex_staircase_pool
Lair:8:   minmay_lair_end_enchanted_forest, serial_bayou_pond_e
Shoals:1: nicolae_shoals_cliffside_cave, uniq_frances
Orc:1:    serial_shops, nicolae_shop_crystal
Orc:2:    serial_shops, shop_fountains
Orc:3:    serial_shops, shop, nicolae_orc_pool_cavern
Orc:4:    st_orc_pillars, serial_shops, nicolae_shop_window_shopping, shop,
          nicolae_shop_stone, nicolae_shop_stone, shop
Elf:1:    elf_arrival_001, evilmike_minifort, grunt_megastairs_1
Elf:2:    uniq_wiglaf
Elf:3:    grunt_elf_hall_spiral, nicolae_trove_entry_crossroad, serial_shops,
          bzr_entry_lakeside, spider_trap, uniq_saint_roka

Action                   |  1- 3 |  4- 6 |  7- 9 | 10-12 | 13-15 | 16-18 || total
-------------------------+-------+-------+-------+-------+-------+-------++-------
Melee: War axe           |    76 |    60 |    80 |       |       |       ||   216
       Dire flail        |       |       |   167 |   418 |       |       ||   585
       Battleaxe         |       |       |       |    81 |   582 |       ||   663
       Scimitar          |       |       |       |       |    55 |       ||    55
       Executioner's axe |       |       |       |       |   433 |    87 ||   520
Invok: Divine Shield     |       |       |     1 |     8 |    13 |     1 ||    23
       Cleansing Flame   |       |       |       |     2 |       |       ||     2
Evoke: Wand              |       |       |     2 |    26 |     6 |       ||    34
  Use: Potion            |     1 |       |       |     4 |     1 |       ||     6
       Scroll            |       |     7 |     1 |     7 |    23 |     2 ||    40
 Stab: Petrified         |       |       |       |     1 |       |       ||     1
  Eat: Chunk             |       |       |     6 |    11 |    14 |     1 ||    32
       Royal jelly       |       |       |       |       |     3 |       ||     3
       Beef jerky        |       |       |       |       |     1 |       ||     1
